 Dungeon Crawl Stone Soup version 0.29-a0-299-g4c793a2ed2 (console) character file.

Game seed: 5186174359940752591

60962 Ignak the Thaumaturge (level 15, -17/115 HPs)
             Began as a Gnoll Hedge Wizard on Mar 24, 2022.
             Was a High Priest of Sif Muna.
             Killed from afar by a rime drake (27 damage)
             ... with a flash freeze
             ... on level 6 of the Lair of Beasts.
             The game lasted 01:40:19 (28919 turns).

Ignak the Thaumaturge (Gnoll Hedge Wizard)         Turns: 28919, Time: 01:40:20

Health: -17/115    AC: 32    Str:  7    XL:     15   Next: 1%
Magic:  16/34      EV: 13    Int: 26    God:    Sif Muna [*****.]
Gold:   132        SH: 11    Dex: 14    Spells: 22/38 levels left

rFire   . . .      SeeInvis .   a - +4 hand axe {vorpal, *Noise +Blink rN+ Int+2}
rCold   + . .      Faith    .   I - +0 buckler
rNeg    + . .      Spirit   .   e - +6 ice dragon scales
rPois   +          Reflect  +   H - +2 helmet {Int+3}
rElec   .          Harm     .   v - +1 cloak
rCorr   .          Rampage  .   w - +3 pair of gauntlets of War {Slay+5}
Will    +....                   q - +2 pair of boots
Stlth   +++.......              D - amulet of reflection
HPRegen 0.29/turn               n - ring of fire
MPRegen 0.24/turn               i - +4 ring of evasion

@: no status effects
A: fangs 1, strong nose, distributed training, agile 1, high MP 1, poison
resistance, weak 1
a: Renounce Religion, Evoke Blink, Channel Magic, Forget Spell, Divine Exegesis


You were on level 6 of the Lair of Beasts.
You worshipped Sif Muna.
Sif Muna was extremely pleased with you.
You visited 4 branches of the dungeon, and saw 20 of its levels.

You collected 1867 gold pieces.
You spent 1735 gold pieces at shops.

Inventory:

Hand Weapons
 a - the +4 hand axe of Lewkoil (weapon) {vorpal, *Noise +Blink rN+ Int+2}
   (You found it on level 3 of the Dungeon)

   It inflicts extra damage upon your enemies.
   Int:       It affects your intelligence (+2).
   rN:        It protects you from negative energy.
   +Blink:    It lets you blink.
   *Noise:    It may make noises in combat.
 b - a +3 dire flail of holy wrath
 s - a +0 halberd of pain
 A - a +3 great sword
 P - a +0 rapier
Missiles
 E - 29 poisoned darts (quivered)
Armour
 e - +6 ice dragon scales (worn)
 o - a +0 troll leather armour
 q - a +2 pair of boots (worn)
 v - a +1 cloak (worn)
 w - the +3 pair of gauntlets of War (worn) {Slay+5}
   (You bought it in a shop on level 2 of the Orcish Mines)

   Slay:      It affects your accuracy & damage with ranged weapons and melee
   (+5).
 y - the +1 robe of Ornamental Music {Will+++ Regen+ Slay-6}
   (You found it on level 6 of the Dungeon)

   Slay:      It affects your accuracy & damage with ranged weapons and melee
   (-6).
   Regen:     It increases your rate of health regeneration.
   Will:      It greatly increases your willpower.
 H - a +2 helmet of intelligence (worn)
 I - a +0 buckler (worn)
 K - +0 steam dragon scales
Magical Staves
 k - a staff of air
Jewellery
 i - a +4 ring of evasion (right hand)
 n - a ring of fire (left hand)
 C - a ring of flight
 D - an amulet of reflection (around neck)
 F - a ring of protection from cold
Wands
 h - a wand of polymorph (6)
 l - a wand of flame (5)
 p - a wand of iceblast (19)
 G - a wand of digging (1)
 J - a wand of acid (1)
 O - a wand of mindburst (6)
Scrolls
 c - 5 scrolls of fog
 f - 6 scrolls of teleportation
 g - 2 scrolls of identify
 r - a scroll of magic mapping
 x - 3 scrolls of amnesia
 z - a scroll of silence
 L - 2 scrolls of blinking
 M - 2 scrolls of fear
Potions
 d - a potion of brilliance
 j - a potion of mutation
 m - 5 potions of lignification
 t - 5 potions of curing
 u - a potion of flight
 B - 2 potions of heal wounds
 N - a potion of might
 Q - 2 potions of invisibility


   Skills:
 + Level 9.7 Fighting
 + Level 9.7 Short Blades
 + Level 9.7 Long Blades
 + Level 9.7 Axes
 + Level 9.7 Maces & Flails
 + Level 9.7 Polearms
 + Level 9.7 Staves
 + Level 9.7 Slings
 + Level 9.7 Bows
 + Level 9.7 Crossbows
 + Level 9.7 Throwing
 + Level 9.7 Armour
 + Level 10.7 Dodging
 + Level 10.6 Stealth
 + Level 9.7 Shields
 + Level 9.7 Unarmed Combat
 + Level 12.0 Spellcasting
 + Level 8.4 Conjurations
 + Level 8.1 Hexes
 + Level 8.4 Summonings
 + Level 8.1 Necromancy
 + Level 8.4 Translocations
 + Level 8.1 Transmutations
 + Level 8.1 Fire Magic
 + Level 8.1 Ice Magic
 + Level 8.1 Air Magic
 + Level 8.1 Earth Magic
 + Level 8.1 Poison Magic
 + Level 10.6 Invocations
 + Level 9.7 Evocations


You had 22 spell levels left.
You knew the following spells:

 Your Spells              Type           Power      Damage    Failure   Level
a - Magic Dart            Conj           100%       1d8       1%          1
b - Blink                 Tloc           100%       N/A       2%          2
c - Slow                  Hex            100%       N/A       1%          1
d - Mephitic Cloud        Conj/Pois/Air  55%        N/A       5%          3
e - Call Imp              Summ           56%        N/A       2%          2
f - Teleport Other        Tloc           56%        N/A       4%          3
z - Olgreb's Toxic Radia  Pois           55%        N/A       19%         4

Your spell library contained the following spells:

 Spells                   Type           Power      Damage    Failure   Level
 Poisonous Vapours        Pois/Air       100%       N/A       3%          2
 Gell's Gravitas          Tloc           56%        N/A       4%          3
 Conjure Flame            Conj/Fire      73%        6-21      5%          3
 Spider Form              Tmut/Pois      55%        N/A       6%          3
 Dispersal                Tloc           28%        N/A       95%         6
 Eringya's Noxious Bog    Tmut/Pois      27%        N/A       96%         6


Dungeon Overview and Level Annotations

Branches:
Dungeon (11/15)            Temple (1/1) D:4            Lair (6/6) D:9
 Shoals (0/4) Lair:2       Spider (0/4) Lair:3        Slime (0/5) Lair:6
    Orc (2/2) D:9             Elf (0/3) Orc:2

Altars:
Ashenzari
Cheibriados
Dithmenos
Elyvilon
Fedhas
Gozag
Hepliaklqana
Kikubaaqudgha
Makhleb
Nemelex Xobeh
Okawaru
Ru
Sif Muna
Uskayaw
Vehumet
Wu Jian
Xom
Yredelemnul
Zin
The Shining One
Beogh
Jiyva

Shops:
D:4 ?   D:5 [   Orc:1 =   Orc:2 [(*=*

Annotations:
D:9 3 runed translucent doors, hofbold's ghost, journeyman OgTm
Lair:3 1 runed translucent door, Samuquso's ghost, journeyman TrMo
Lair:6 3 runed translucent doors, Turbonekonecno's ghost, journeyman SpEn


Innate Abilities, Weirdness & Mutations

You have very sharp teeth.
Your uncanny sense of smell can sniff out nearby items.
Your experience applies equally to all skills.
You are agile. (Dex +2)
You have an increased reservoir of magic. (+10% MP)
Your system is resistant to poisons. (rPois)
You are weak. (Str -2)


Message History

Casting: Olgreb's Toxic Radiance (dangerous; 19% risk of failure)
Confirm with . or Enter, or press ? or * to list all spells.
You blink.
The rime drake hisses angrily.
The basilisk gazes at you.
You easily resist.
Aiming: Iceblast
Press: ? - help, Shift-Dir - straight line, f/p - fire dragon
Aim: a fire dragon (water, heavily wounded)
Okay, then.
Casting: Blink (safe; 2% risk of failure)
Confirm with . or Enter, or press ? or * to list all spells.
A shadowy apparition takes form in the air.
The basilisk gazes at you.
You easily resist.
Unknown command.
You enter the shallow water.
Moving in this stuff is going to be slow.
The rime drake seems less confused.
The rime drake breathes ice at you.
The flash freeze reflects off an invisible shield around you!
The flash freeze hits the rime drake!!
The rime drake partially resists.
The rime drake is flash-frozen.
Aiming: Iceblast
Press: ? - help, Shift-Dir - straight line, f/p - fire dragon
Aim: a fire dragon (heavily wounded)
The mass of ice explodes!
The iceblast engulfs the fire dragon!
The fire dragon is frozen!
The fire dragon is severely wounded.
The iceblast engulfs the basilisk!
The basilisk is severely wounded.
You hear an angry hiss.
Your shadow imp hits the basilisk.
A swamp dragon comes into view.
The fire dragon breathes flames at you. The blast of flame hits you!!!
* * * LOW HITPOINT WARNING * * *
The rime drake breathes ice at you. The flash freeze hits you!!
You partially resist.
You die...

∆ ♣≈..♣.♣♣ #.
♣♣♣.D≈. ∆∆
♣♣≈≈..♣♣ #.
♣.≈.≈≈.∆∆∆♣♣≈≈...♣
#. ..≈≈≈≈
♣♣≈≈≈..♣♣ #. ♣..≈≈
♣♣≈l...♣♣ ##
♣...≈♣♣≈D.5♣♣♣
♣.P≈k≈§≈.♣♣
♣..≈§.≈.♣
♣♣.@≈≈♣♣♣ ♣♣♣♣♣♣


You could see a swamp dragon, a rime drake (frozen, catching breath) and a
friendly shadow imp (summoned).

Vanquished Creatures
  Rupert (Lair:4)
  Kirke (Lair:4)
  2 orc warlords
  Snorg (Lair:4)
  Erolcha (Orc:1)
  3 hydras
  A boulder beetle (Lair:5)
  A catoblepas (Lair:3)
  Urug (Orc:2)
  An orc high priest (Orc:2)
  Sonja (Lair:3)
  2 lindwurms (Lair:6)
  5 orc knights
  4 orc sorcerers (Orc:2)
  A manticore (D:8)
  6 elephants
  3 black mambas
  4 torpor snails
  17 cane toads
  6 rime drakes
  A kobold demonologist (D:8)
  11 komodo dragons
  5 trolls
  4 polar bears
  3 tyrant leeches (Lair:6)
  7 hornets (Lair:6)
  Prince Ribbit (D:8)
  Grinder (D:5)
  21 blink frogs
  A vampire (D:8)
  2 shadows (D:8)
  48 yaks
  The ghost of Dabor the Stinger, an amateur DEVM of Qazlal (D:3)
  A wraith (D:10)
  3 wyverns
  4 hogs (Lair:4)
  4 basilisks
  2 vampire mosquitoes (D:10)
  Menkaure (D:5)
  4 steam dragons
  A warg (Orc:1)
  Duvessa (D:7)
  14 water moccasins
  An acid dragon (D:8)
  2 ice beasts
  5 black bears
  A swamp drake (Lair:6)
  31 orc warriors
  11 ogres
  3 centaurs
  4 phantoms
  2 lemures (D:4)
  5 kobold brigands
  16 bullfrogs
  A gnoll sergeant (D:9)
  A necrophage (D:8)
  3 scorpions
  2 troll zombies (D:9)
  5 wights (D:6)
  Dowan (D:7)
  11 killer bees
  A water moccasin skeleton (D:3)
  4 howler monkeys
  An electric eel (Lair:6)
  4 jellies
  16 orc priests
  4 hounds
  A bullfrog skeleton (D:3)
  A centaur skeleton (D:3)
  Crazy Yiuf (D:5)
  20 orc wizards
  Ijyb (D:3)
  14 hell rats
  4 iguanas
  5 ogre zombies (D:9)
  A mummy (D:4)
  9 adders
  18 gnolls
  A dart slug (D:1)
  61 orcs
  5 ball pythons
  2 endoplasms
  2 giant cockroaches (D:2)
  6 goblins
  4 hobgoblins
  3 jackals (D:2)
  13 kobolds
  9 bats
  A frilled lizard (D:2)
  A goblin skeleton (D:9)
  2 goblin zombies (D:9)
  A hobgoblin skeleton (D:9)
  7 hobgoblin zombies
  5 orc skeletons (D:9)
  9 orc zombies
  7 rats
  A butterfly (Lair:4)
553 creatures vanquished.

Vanquished Creatures (collateral kills)
  Pikel (D:4)
  An orc knight (Orc:2)
  2 cane toads
  A molten gargoyle (Lair:1)
  2 lemures (D:4)
  3 killer bees
  A howler monkey (D:9)
  2 jellies
  An orc priest (D:4)
  A gnoll shaman (D:7)
  A hound (D:7)
  An ogre zombie (D:9)
  A howler monkey zombie (D:3)
  2 adders (D:2)
  8 gnolls
  An ufetubus (D:3)
  8 orcs
  3 goblins
  2 jackals (D:2)
  A goblin skeleton (D:9)
  A goblin zombie (D:9)
  2 kobolds
  2 orc zombies (D:4)
48 creatures vanquished.

Vanquished Creatures (others)
  53 fungi
  75 plants
128 creatures vanquished.

Grand Total: 729 creatures vanquished

Notes
Turn   | Place    | Note
-------+----------+-------------------------------------------
     0 | D:1      | Ignak the Gnoll Hedge Wizard began the quest for the Orb.
     0 | D:1      | Reached XP level 1. HP: 13/13 MP: 8/8
   207 | D:1      | Reached XP level 2. HP: 19/19 MP: 8/10
   232 | D:1      | Learned a level 2 spell: Blink
   234 | D:1      | Learned a level 1 spell: Slow
   237 | D:1      | Learned a level 2 spell: Call Imp
   416 | D:1      | Found a faded altar of an unknown god.
  1207 | D:2      | Reached XP level 3. HP: 22/25 MP: 2/11
  1292 | D:2      | Identified the +0 leather armour of Fekkessa {Int+4}
  1358 | D:2      | Reached skill level 1 in Invocations
  1450 | D:2      | Learned a level 3 spell: Mephitic Cloud
  1492 | D:2      | Reached skill level 1 in Fighting
  1492 | D:2      | Reached skill level 1 in Short Blades
  1492 | D:2      | Reached skill level 1 in Long Blades
  1492 | D:2      | Reached skill level 1 in Axes
  1492 | D:2      | Reached skill level 1 in Maces & Flails
  1492 | D:2      | Reached skill level 1 in Polearms
  1492 | D:2      | Reached skill level 1 in Staves
  1492 | D:2      | Reached skill level 1 in Slings
  1492 | D:2      | Reached skill level 1 in Bows
  1492 | D:2      | Reached skill level 1 in Crossbows
  1492 | D:2      | Reached skill level 1 in Throwing
  1492 | D:2      | Reached skill level 1 in Armour
  1492 | D:2      | Reached skill level 1 in Shields
  1492 | D:2      | Reached skill level 1 in Unarmed Combat
  1492 | D:2      | Reached skill level 1 in Evocations
  1672 | D:2      | Reached XP level 4. HP: 32/32 MP: 5/13
  2588 | D:3      | Reached skill level 1 in Hexes
  2588 | D:3      | Reached skill level 1 in Necromancy
  2588 | D:3      | Reached skill level 1 in Transmutations
  2588 | D:3      | Reached skill level 1 in Fire Magic
  2588 | D:3      | Reached skill level 1 in Ice Magic
  2588 | D:3      | Reached skill level 1 in Air Magic
  2588 | D:3      | Reached skill level 1 in Earth Magic
  2588 | D:3      | Reached skill level 1 in Poison Magic
  2598 | D:3      | Reached XP level 5. HP: 11/37 MP: 5/14
  3002 | D:3      | Noticed Ijyb
  3011 | D:3      | Killed Ijyb
  3047 | D:3      | Gained mutation: You are occasionally teleported next to
                  | monsters. [potion of mutation]
  3047 | D:3      | Gained mutation: Your flesh is cold resistant. (rC+)
                  | [potion of mutation]
  3202 | D:3      | Found a transporter.
  3301 | D:3      | Found a transporter.
  3304 | D:3      | Noticed Dabor's ghost (amateur DEVM)
  3534 | D:3      | Reached XP level 6. HP: 37/44 MP: 5/16
  4063 | D:3      | Identified the +4 hand axe of Lewkoil {vorpal, *Noise
                  | +Blink rN+ Int+2}
  4414 | D:4      | Reached skill level 5 in Dodging
  4609 | D:4      | Found a staircase to the Ecumenical Temple.
  4634 | D:4      | Noticed a black bear
  4646 | D:4      | Killed a black bear
  4649 | Temple   | Entered the Ecumenical Temple
  4799 | Temple   | Became a worshipper of Sif Muna the Loreminder
  4860 | D:4      | Reached XP level 7. HP: 50/50 MP: 15/18
  5096 | D:4      | Found Raanet's Magic Scroll Boutique.
  5461 | D:4      | Found a broken altar of Ashenzari.
  5752 | D:5      | Entered Level 5 of the Dungeon
  5767 | D:5      | Noticed Pikel
  5786 | D:5      | Reached skill level 5 in Stealth
  5902 | D:5      | Noticed Grinder
  5922 | D:4      | Reached * piety under Sif Muna
  6398 | D:5      | Found Duereav's Antique Armour Shoppe.
  6408 | D:5      | Bought a crude robe for 131 gold pieces
  6408 | D:5      | Identified the +0 robe of Makhleb's Inspiration {Harm
                  | Rampage Stlth-} (You bought it in a shop on level 5 of the
                  | Dungeon)
  6452 | D:4      | Reached XP level 8. HP: 55/57 MP: 13/19
  6650 | D:4      | Killed Pikel
  6651 | D:4      | Reached skill level 8 in Spellcasting
  6890 | D:5      | Paralysed by Grinder for 3 turns
  6904 | D:5      | Killed Grinder
  7157 | D:5      | Reached XP level 9. HP: 39/65 MP: 21/21
  7338 | D:5      | Found a runed translucent door.
  7339 | D:5      | Noticed Crazy Yiuf
  7370 | D:5      | Killed Crazy Yiuf
  7570 | D:5      | Noticed Menkaure
  7575 | D:5      | Killed Menkaure
  8123 | D:6      | Identified the +1 robe of Ornamental Music {Will+++ Regen+
                  | Slay-6}
  8979 | D:6      | Found a white marble altar of Elyvilon.
  9041 | D:7      | Noticed Duvessa
  9041 | D:7      | Noticed Dowan
  9162 | D:7      | Reached skill level 5 in Invocations
  9270 | D:7      | Killed Dowan
  9295 | D:6      | Lost mutation: You are occasionally teleported next to
                  | monsters. [potion of mutation]
  9295 | D:6      | Lost mutation: Your flesh is cold resistant. (rC+) [potion
                  | of mutation]
  9295 | D:6      | Gained mutation: You are dopey. (Int -2) [potion of
                  | mutation]
  9295 | D:6      | Gained mutation: Your spells are a little easier to cast,
                  | but a little less powerful. [potion of mutation]
  9295 | D:6      | Lost mutation: Your spells are a little easier to cast, but
                  | a little less powerful. [potion of mutation]
  9296 | D:6      | Lost mutation: You are dopey. (Int -2) [potion of mutation]
  9296 | D:6      | Gained mutation: You are agile. (Dex +2) [potion of
                  | mutation]
  9296 | D:6      | Gained mutation: You are weak. (Str -2) [potion of
                  | mutation]
  9296 | D:6      | Gained mutation: Your system is resistant to poisons.
                  | (rPois) [potion of mutation]
  9296 | D:6      | Gained mutation: You have an increased reservoir of magic.
                  | (+10% MP) [potion of mutation]
  9608 | D:3      | Reached ** piety under Sif Muna
  9619 | D:3      | Killed Dabor's ghost
  9627 | D:3      | Reached XP level 10. HP: 69/73 MP: 22/24
 10072 | D:7      | Killed Duvessa
 10417 | D:7      | Reached skill level 5 in Fighting
 10417 | D:7      | Reached skill level 5 in Short Blades
 10417 | D:7      | Reached skill level 5 in Long Blades
 10417 | D:7      | Reached skill level 5 in Axes
 10417 | D:7      | Reached skill level 5 in Maces & Flails
 10417 | D:7      | Reached skill level 5 in Polearms
 10417 | D:7      | Reached skill level 5 in Staves
 10417 | D:7      | Reached skill level 5 in Slings
 10417 | D:7      | Reached skill level 5 in Bows
 10417 | D:7      | Reached skill level 5 in Crossbows
 10417 | D:7      | Reached skill level 5 in Throwing
 10417 | D:7      | Reached skill level 5 in Armour
 10417 | D:7      | Reached skill level 5 in Shields
 10417 | D:7      | Reached skill level 5 in Unarmed Combat
 10417 | D:7      | Reached skill level 5 in Evocations
 10617 | D:8      | Noticed a manticore
 11125 | D:8      | Noticed Prince Ribbit
 11283 | D:8      | Killed Prince Ribbit
 11464 | D:8      | Reached skill level 9 in Spellcasting
 11514 | D:8      | Killed a manticore
 11515 | D:8      | Reached skill level 5 in Conjurations
 11515 | D:8      | Reached skill level 5 in Summonings
 11515 | D:8      | Reached skill level 5 in Translocations
 12078 | D:9      | Found a staircase to the Lair.
 12081 | D:9      | Noticed an elephant
 12109 | D:9      | Found a staircase to the Orcish Mines.
 12696 | D:9      | Noticed a kobold demonologist
 12700 | D:9      | Noticed a smoke demon
 12920 | D:8      | Reached XP level 11. HP: 65/81 MP: 26/26
 13016 | D:9      | Reached *** piety under Sif Muna
 13099 | D:8      | Reached skill level 5 in Hexes
 13099 | D:8      | Reached skill level 5 in Necromancy
 13099 | D:8      | Reached skill level 5 in Transmutations
 13099 | D:8      | Reached skill level 5 in Fire Magic
 13099 | D:8      | Reached skill level 5 in Ice Magic
 13099 | D:8      | Reached skill level 5 in Air Magic
 13099 | D:8      | Reached skill level 5 in Earth Magic
 13099 | D:8      | Reached skill level 5 in Poison Magic
 13999 | D:9      | Found an ancient bone altar of Kikubaaqudgha.
 14198 | D:5      | Bought a buckler for 103 gold pieces
 14343 | D:9      | Reached **** piety under Sif Muna
 14949 | D:9      | Found a runed translucent gate.
 14949 | D:9      | Found a runed translucent gate.
 14949 | D:9      | Found a runed translucent gate.
 14951 | D:9      | Noticed hofbold's ghost (journeyman OgTm)
 15032 | D:10     | Entered Level 10 of the Dungeon
 15530 | D:10     | Found a sacrificial altar of Ru.
 15565 | D:10     | Found a shadowy altar of Dithmenos.
 15565 | D:10     | Found a glowing silver altar of Zin.
 15574 | D:10     | Found a blossoming altar of Fedhas.
 16130 | Orc:1    | Entered Level 1 of the Orcish Mines
 16130 | Orc:1    | Noticed an orc warlord
 16330 | D:9      | Killed an orc warlord
 16425 | Lair:1   | Entered Level 1 of the Lair of Beasts
 16468 | Orc:1    | Reached ***** piety under Sif Muna
 16489 | D:9      | Received a gift from Sif Muna
 16580 | D:9      | Got Foniycw's Grimoire of Dislocated Toxins {god gift}
 16587 | D:9      | Learned a level 4 spell: Olgreb's Toxic Radiance
 16815 | Orc:1    | Found Buhueren's Jewellery Boutique.
 16935 | Orc:2    | Entered Level 2 of the Orcish Mines
 16967 | Orc:2    | Noticed an orc knight
 16991 | Orc:2    | Noticed an orc warlord
 16996 | Orc:2    | Killed an orc knight
 16997 | Orc:2    | Reached skill level 10 in Spellcasting
 16997 | Orc:2    | Reached XP level 12. HP: 65/89 MP: 13/28
 17344 | Orc:1    | Noticed Erolcha
 17359 | Orc:1    | Killed Erolcha
 17957 | Orc:2    | Noticed an orc high priest
 17981 | Orc:2    | Killed an orc high priest
 18433 | Orc:2    | Noticed Urug
 18450 | Orc:2    | Killed an orc warlord
 18453 | Orc:2    | Killed Urug
 18717 | Orc:2    | Reached XP level 13. HP: 88/98 MP: 1/30
 18876 | Orc:2    | Found Muosiu's Jewellery Emporium.
 18878 | Orc:2    | Found Nop Keda's General Store.
 18899 | Orc:2    | Found Curi's Antique Armour Emporium.
 19014 | Orc:2    | Found a staircase to the Elven Halls.
 19094 | Orc:2    | Found Naikh's Antique Weapon Emporium.
 19101 | Orc:2    | Bought a jewelled morningstar for 216 gold pieces
 19101 | Orc:2    | Identified the +3 morningstar of Qaitsa {vorpal, Fly Will-
                  | Str+5} (You bought it in a shop on level 2 of the Orcish
                  | Mines)
 19231 | Orc:2    | Found Oniah's General Store.
 19856 | Lair:1   | Learned a level 3 spell: Teleport Other
 20560 | Lair:2   | Found a staircase to the Shoals.
 20861 | Lair:2   | Reached skill level 11 in Spellcasting
 21742 | Lair:3   | Noticed Sonja
 21775 | Lair:3   | Killed Sonja
 22126 | Lair:3   | Found a runed translucent door.
 22133 | Lair:3   | Found a shimmering altar of Xom.
 22133 | Lair:3   | Noticed Samuquso's ghost (journeyman TrMo)
 22689 | Lair:3   | Found a hole to the Spider Nest.
 23195 | Lair:4   | Noticed Snorg
 23274 | Lair:4   | Reached skill level 10 in Dodging
 23436 | Lair:4   | Reached XP level 14. HP: 52/106 MP: 13/32
 23735 | Lair:4   | Killed Snorg
 23889 | Lair:4   | Identified the +0 robe "Bigrim" {rPois rF+}
 23915 | Lair:4   | Reached skill level 10 in Stealth
 24207 | Lair:4   | Noticed Rupert
 24235 | Lair:4   | Paralysed by Rupert for 7 turns
 24245 | Lair:4   | Killed Rupert
 24643 | Lair:4   | Noticed Kirke
 24865 | Lair:4   | Reached skill level 10 in Invocations
 25151 | Lair:4   | Killed Kirke
 25517 | Lair:5   | Found a broken altar of Ashenzari.
 26770 | Lair:6   | Entered Level 6 of the Lair of Beasts
 27356 | Orc:2    | Bought the +3 pair of gauntlets of War {Slay+5} for 1235
                  | gold pieces
 27356 | Orc:2    | Found the +3 pair of gauntlets of War {Slay+5}
 27420 | Orc:2    | Bought a potion of heal wounds for 50 gold pieces
 27619 | Lair:6   | Found a runed translucent door.
 27640 | Lair:6   | Identified the +0 trident of the Witching Fulmar {speed,
                  | rElec rF+ rN++}
 27665 | Lair:6   | Noticed Turbonekonecno's ghost (journeyman SpEn)
 27923 | Lair:6   | Found a runed translucent door.
 27924 | Lair:6   | Found a viscous altar of Jiyva.
 27925 | Lair:6   | Noticed an acid blob
 27926 | Lair:6   | Found a staircase to the Slime Pits.
 28072 | Lair:6   | Found a runed translucent door.
 28804 | Lair:6   | Reached skill level 12 in Spellcasting
 28875 | Lair:6   | Reached XP level 15. HP: 94/115 MP: 23/34
 28919 | Lair:6   | Killed from afar by a rime drake

Illustrated notes

Levels and vault maps discovered:
D:1:      heliophobic_arrival_ceremonial_halls, layout_loops_cross,
          basic_ecumenical_altar
D:2:      layout_basic, serial_glass, glass_columns_a, glass_columns_b,
          roderic_lattice_a
D:3:      layout_loops_corners, gammafunk_ghost_mausoleum, uniq_ijyb
D:4:      layout_basic, kennysheep_mini_moat, minmay_temple_entry_waves,
          serial_shops, nicolae_shop_hallway_stairs, minmay_mini_ossuary
D:5:      layout_cave_pools, serial_shops, nicolae_shop_advertising_works
          [nicolae_subvault_shop_adworks], kennysheep_boxes, uniq_grinder,
          uniq_pikel, uniq_menkaure, uniq_crazy_yiuf_cottage
D:6:      layout_rooms, mainiacjoe_overflow_alcove_1
D:7:      layout_loops_cross, uniq_duvessa
D:8:      layout_basic, uniq_prince_ribbit1
D:9:      layout_rooms, mainiacjoe_overflow_six_doors_small, david_lair_generic,
          zombieorc2_lemuel, ebering_ghost_rock_garden
D:10:     layout_stronghold, nicolae_ru_the_path_less_chosen,
          nicolae_overflow_hidden_temple
D:11:     layout_roguey [special_room_orc]
Temple:   dshaligram_water_room_temple
Lair:1:   layout_gridlike, serial_bayou_shore_b, infiniplex_staircase_pool_2
Lair:2:   layout_small_grid, shoals_dummy_entry, dreamdust_mushroom_princess,
          guppyfry_lair_drakes
Lair:3:   layout_regular_city, spider_nest_entry_web_field, ebering_ghost_xom,
          uniq_sonja
Lair:4:   layout_roguey, infiniplex_staircase_pool, lemuel_fruit_fields,
          grunt_megastairs_5, uniq_rupert, uniq_snorg, uniq_kirke
Lair:5:   layout_small_grid, basic_altar, beast_lair_carwin_9,
          grunt_megastairs_1
Lair:6:   guppyfry_lair_end_dragon, layout_concentric_octagons, wormcave,
          slime_altar_2, ebering_ghost_funeral_grove, serial_bayou_shore_a
Orc:1:    layout_caves, serial_shops, shop, uniq_erolcha
Orc:2:    grunt_orc_cross, layout_caves, serial_shops,
          nicolae_shop_behind_doors, nicolae_orc_lost_temple

Skill      XL: |  1  2  3  4  5  6  7  8  9 10 11 12 13 14 |
---------------+-------------------------------------------+-----
Conjurations   | 2 3 4 5 6 7 8 |  8.4
Summonings     | 2 3 4 5 6 7 8 |  8.4
Translocations | 2 3 4 5 6 7 8 |  8.4
Invocations    | 1 2 3 4 5 6 7 8 9 10 | 10.6
Fighting       | 1 2 3 4 5 6 7 8 9 |  9.7
Short Blades   | 1 2 3 4 5 6 7 8 9 |  9.7
Long Blades    | 1 2 3 4 5 6 7 8 9 |  9.7
Axes           | 1 2 3 4 5 6 7 8 9 |  9.7
Maces & Flails | 1 2 3 4 5 6 7 8 9 |  9.7
Polearms       | 1 2 3 4 5 6 7 8 9 |  9.7
Staves         | 1 2 3 4 5 6 7 8 9 |  9.7
Slings         | 1 2 3 4 5 6 7 8 9 |  9.7
Bows           | 1 2 3 4 5 6 7 8 9 |  9.7
Crossbows      | 1 2 3 4 5 6 7 8 9 |  9.7
Throwing       | 1 2 3 4 5 6 7 8 9 |  9.7
Armour         | 1 2 3 4 5 6 7 8 9 |  9.7
Shields        | 1 2 3 4 5 6 7 8 9 |  9.7
Unarmed Combat | 1 2 3 4 5 6 7 8 9 |  9.7
Evocations     | 1 2 3 4 5 6 7 8 9 |  9.7
Hexes          | 1 2 3 4 5 6 7 8 |  8.1
Necromancy     | 1 2 3 4 5 6 7 8 |  8.1
Transmutations | 1 2 3 4 5 6 7 8 |  8.1
Fire Magic     | 1 2 3 4 5 6 7 8 |  8.1
Ice Magic      | 1 2 3 4 5 6 7 8 |  8.1
Air Magic      | 1 2 3 4 5 6 7 8 |  8.1
Earth Magic    | 1 2 3 4 5 6 7 8 |  8.1
Poison Magic   | 1 2 3 4 5 6 7 8 |  8.1
Dodging        | 5 6 7 8 9 10 | 10.7
Stealth        | 5 6 7 8 9 10 | 10.6
Spellcasting   | 8 9 10 11 12 | 12.0

Action                   |  1- 3 |  4- 6 |  7- 9 | 10-12 | 13-15 || total
-------------------------+-------+-------+-------+-------+-------++-------
Melee: Dagger            |    21 |    66 |       |       |       ||    87
       Bite              |    15 |    14 |    39 |   104 |   135 ||   307
       Staff             |    71 |    42 |       |       |       ||   113
       Punch             |       |     1 |     8 |    17 |     7 ||    33
       Hand axe          |       |    19 |   304 |   768 |   819 ||  1910
       Dire flail        |       |       |       |       |    23 ||    23
       Unarmed           |       |       |       |       |    10 ||    10
Throw: Dart              |       |       |       |     9 |       ||     9
 Cast: Magic Dart        |    22 |     7 |     9 |     3 |       ||    41
       Call Imp          |     6 |    17 |    40 |    40 |    31 ||   134
       Blink             |     1 |       |     9 |    19 |    13 ||    42
       Mephitic Cloud    |     2 |    11 |    24 |    81 |    50 ||   168
       Slow              |       |       |     2 |     6 |     8 ||    16
       Olgreb's Toxic Ra |       |       |       |    50 |   110 ||   160
       Eringya's Noxious |       |       |       |     1 |       ||     1
       Dispersal         |       |       |       |       |     1 ||     1
       Teleport Other    |       |       |       |       |     2 ||     2
Invok: Channel Magic     |       |       |       |     4 |     1 ||     5
       Divine Exegesis   |       |       |       |     1 |     1 ||     2
Evoke: Wand              |       |       |    16 |    15 |     7 ||    38
  Use: Scroll            |     3 |       |     8 |     8 |     9 ||    28
       Potion            |     2 |     5 |     2 |     5 |     4 ||    18
 Stab: Sleeping          |     5 |     2 |     1 |     5 |     5 ||    18
       Confused          |     2 |     2 |    10 |    63 |    24 ||   101
       Paralysed         |       |       |       |     2 |       ||     2
       Distracted        |       |       |       |     3 |     6 ||     9
       Petrified         |       |       |       |       |     5 ||     5
Armor: Leather armour    |    41 |    56 |   171 |   217 |       ||   485
       Steam dragon scal |       |       |       |    52 |       ||    52
       Troll leather arm |       |       |       |    11 |    67 ||    78
       Ice dragon scales |       |       |       |       |   325 ||   325
Dodge: Dodged            |    93 |    86 |   250 |   528 |   515 ||  1472
Block: Other             |       |       |       |    68 |    22 ||    90
       Reflection        |       |       |       |    18 |     3 ||    21
       Buckler           |       |       |       |   207 |   480 ||   687

Table legend: (Time is in decaauts)
 A = Elapsed time spent in this place.
 B = Non-inter-level travel time spent in this place.
 C = Inter-level travel time spent in this place.
 D = Time resting spent in this place.
 E = Time spent auto-exploring this place.
 F = Levels seen in this place.
 G = Mean time per level.
                   A        B        C        D        E       F      G
               +--------+--------+--------+--------+--------+-----+--------+
         Total |  29064 |  27835 |   1229 |   7719 |  10795 |  20 | 1453.2 |
       Dungeon |  16753 |  15912 |    841 |   4606 |   5927 |  11 | 1523.0 |
        Temple |    163 |    163 |      0 |      0 |    133 |   1 |  163.0 |
          Lair |   9164 |   8807 |    357 |   2389 |   3786 |   6 | 1527.3 |
  Orcish Mines |   2982 |   2952 |     30 |    724 |    949 |   2 | 1491.0 |
               +--------+--------+--------+--------+--------+-----+--------+

Top non-repeatable levels by time:
     D:8: 3251 daAuts
     D:4: 2274 daAuts
  Lair:4: 2152 daAuts
     D:3: 1694 daAuts
  Lair:5: 1688 daAuts
     D:2: 1671 daAuts
     D:9: 1588 daAuts
   Orc:1: 1528 daAuts
  Lair:2: 1513 daAuts
   Orc:2: 1454 daAuts
     D:5: 1440 daAuts
  Lair:3: 1401 daAuts
     D:7: 1318 daAuts
     D:6: 1304 daAuts
  Lair:6: 1290 daAuts
